 Dungeon Crawl Stone Soup version 0.28-a0-1365-g7e0445c96d (webtiles) character file.

Game seed: 871641758858895706

62 ChaosChampion the Skirmisher (level 4, -3/40 HPs)
             Began as a Hill Orc Fighter on Dec 31, 2021.
             Slain by Terence (5 damage)
             ... on level 2 of the Dungeon.
             The game lasted 00:01:21 (1165 turns).

ChaosChampion the Skirmisher (Hill Orc Fighter)     Turns: 1165, Time: 00:01:22

Health: -3/40      AC:  7    Str: 20    XL:     4   Next: 8%
Magic:  4/4        EV:  9    Int:  8    God:
Gold:   47         SH:  4    Dex: 10    Spells: 3/3 levels left

rFire   . . .      SeeInvis .   a - +0 war axe
rCold   . . .      Faith    .   c - +0 buckler
rNeg    . . .      Spirit   .   b - +0 scale mail
rPois   .          Reflect  .   (no helmet)
rElec   .          Harm     .   (no cloak)
rCorr   .          Rampage  .   (no gloves)
Will    .....                   (no boots)
Stlth   ..........              (no amulet)
HPRegen 0.13/turn               (no ring)
MPRegen 0.09/turn               (no ring)

@: no status effects
A: no striking features
a: no special abilities


You were on level 2 of the Dungeon.
You visited 1 branch of the dungeon, and saw 2 of its levels.

You collected 47 gold pieces.

Inventory:

Hand Weapons
 a - a +0 war axe (weapon)
Armour
 b - a +0 scale mail (worn)
 c - a +0 buckler (worn)
Scrolls
 e - a scroll of teleportation {unknown}
 h - 2 scrolls of identify {unknown}
Potions
 d - a potion of might
 f - a potion of magic {unknown}
 g - 2 potions of attraction {unknown}
 i - a potion of experience {unknown}


   Skills:
 + Level 4.3 Fighting
 + Level 3.6 Axes
 + Level 3.9 Armour
 + Level 3.8 Shields


You had 3 spell levels left.
You didn't know any spells.
Your spell library was empty.

Dungeon Overview and Level Annotations

Branches:
Dungeon (2/15)

Altars:

Shops:
D:1 [

Annotations:
D:2 Terence


Message History

You closely miss Terence. You block Terence's attack.
Terence hits you with a +0 morningstar!
You hit Terence but do no damage. Terence hits you with a +0 morningstar.
You barely miss Terence. Terence hits you with a +0 morningstar!
You closely miss Terence. Terence closely misses you.
You block Terence's attack.
You barely miss Terence. Terence hits you with a +0 morningstar!
* * * LOW HITPOINT WARNING * * *
You are too injured to fight recklessly!
You are too injured to fight recklessly!
You are too injured to fight recklessly!
You are too injured to fight recklessly!
You are too injured to fight recklessly!
You are too injured to fight recklessly!
You are too injured to fight recklessly!
You are too injured to fight recklessly!
You are too injured to fight recklessly!
You are too injured to fight recklessly!
You are too injured to fight recklessly!
You hit Terence.
Terence is moderately wounded.
You block Terence's attack.
You see here a hobgoblin corpse.
Terence hits you with a +0 morningstar.
* * * LOW HITPOINT WARNING * * *
Terence looks scornfully at you.
You see here 22 stones.
Terence screams, "I want your blood!"
Terence no longer looks unusually strong.
You hit Terence.
Terence is moderately wounded.
You block Terence's attack.
You hit Terence but do no damage.
Terence is moderately wounded.
Terence hits you with a +0 morningstar!
* * * LOW HITPOINT WARNING * * *
You hit Terence.
Terence is heavily wounded.
Terence hits you with a +0 morningstar.
You die...

# #......#######
#.# #
#............#
#.# #
#.......####.#
#######.# #
#.......# #.#
#.......# #
#.......# #.#
#.####### #
#.......#..#.#
#.# #
#.......#..#.#
#.# #
#.......#<.#.#
#.#
#.......#..#@#
#.#
#.......#..#@#
#.#
#.......#..#.#
#.#
#....^#.#†.#.#
#.##########
.............#.#
#..........#
#####.#.##.###.#
##########.#
>.............#.#
####.#
...###.#....#.#.#
#....#
........#####.#.#
#.####


You could see Terence.

Vanquished Creatures
  Jessica (D:2)
  2 dart slugs (D:1)
  3 bats
  4 endoplasms (D:1)
  3 goblins
  2 hobgoblins
  5 kobolds
  A quokka (D:1)
  4 ball pythons
  3 frilled lizards (D:1)
  2 rats (D:1)
30 creatures vanquished.

Notes
Turn   | Place    | Note
-------+----------+-------------------------------------------
     0 | D:1      | ChaosChampion the Hill Orc Fighter began the quest for the
                  | Orb.
     0 | D:1      | Reached XP level 1. HP: 19/19 MP: 1/1
   132 | D:1      | You fall into a shaft and drop 1 floor!
   159 | D:2      | Noticed Jessica
   165 | D:2      | Killed Jessica
   166 | D:2      | Reached skill level 4 in Fighting
   166 | D:2      | Reached XP level 2. HP: 13/27 MP: 2/2
   166 | D:2      | Reached XP level 3. HP: 17/33 MP: 3/3
   347 | D:1      | Found Voeskusk's Armour Boutique.
   540 | D:1      | Found a faded altar of an unknown god.
  1002 | D:2      | Reached XP level 4. HP: 40/40 MP: 4/4
  1110 | D:2      | Noticed Terence
  1164 | D:2      | HP: 2/40 [Terence (10)]
  1165 | D:2      | Slain by Terence

Illustrated notes

Levels and vault maps discovered:
D:1:      minmay_arrival_semitransparent, layout_basic,
          hellmonk_ecumenical_altar_heavens_door, serial_shops,
          nicolae_shop_window_shopping, chequers_serial_rivers_micro_d
D:2:      layout_basic, uniq_jessica, uniq_terence

Skill      XL: |  1 |
---------------+----+-----
Fighting       | 4 |  4.3
Axes           | 3 |  3.6
Armour         | |  3.9
Shields        | |  3.8

Action                   |  1- 3 |  4- 6 || total
-------------------------+-------+-------++-------
Melee: War axe           |    66 |    16 ||    82
Armor: Scale mail        |    34 |     4 ||    38
Dodge: Dodged            |    28 |     3 ||    31
Block: Buckler           |     6 |     4 ||    10

Table legend: (Time is in decaauts)
 A = Elapsed time spent in this place.
 B = Non-inter-level travel time spent in this place.
 C = Inter-level travel time spent in this place.
 D = Time resting spent in this place.
 E = Time spent auto-exploring this place.
 F = Levels seen in this place.
 G = Mean time per level.
                   A        B        C        D        E       F      G
               +--------+--------+--------+--------+--------+-----+--------+
         Total |   1197 |   1181 |     16 |      0 |    918 |   2 |  598.5 |
       Dungeon |   1197 |   1181 |     16 |      0 |    918 |   2 |  598.5 |
               +--------+--------+--------+--------+--------+-----+--------+

Top non-repeatable levels by time:
     D:1: 778 daAuts
     D:2: 419 daAuts
